 Dungeon Crawl Stone Soup version 0.26.0-10-g1f06aea511 (webtiles) character file.

Game seed: 6841079742511410814

110 MajorAdolf the Sneak (level 4, 0/44 HPs)
             Began as a Naga Wanderer on Jan 16, 2021.
             Slain by an orc priest
             ... wielding a +0 dagger
              (4 damage)
             ... on level 3 of the Dungeon.
             The game lasted 00:04:05 (1917 turns).

MajorAdolf the Sneak (Naga Wanderer)                Turns: 1917, Time: 00:04:06

Health: 0/44       AC:  3    Str: 16    XL:     4   Next: 91%
Magic:  4/4        EV:  9    Int: 13    God:
Gold:   62         SH:  0    Dex:  9    Spells: 3/3 levels left

rFire    . . .     SeeInvis +   e - +0 dagger
rCold    . . .     Faith    .   (no shield)
rNeg     . . .     Spirit   .   m - +0 robe
rPois    +         Reflect  .   (no helmet)
rElec    .         Harm     .   (no cloak)
rCorr    .         Rampage  .   j - +0 pair of gloves
Will     .....                  (no barding)
Stlth    +++.......             (no amulet)
HPRegen  0.14/turn              (no ring)
MPRegen  0.09/turn              (no ring)

@: short of breath, flying, very slow
A: large, see invisible, deformed body, poison resistance, slowness 2, spit
poison 1, AC +1
a: Spit Poison


You were on level 3 of the Dungeon.
You visited 1 branch of the dungeon, and saw 4 of its levels.
You also visited: Sewer.

You collected 62 gold pieces.

Inventory:

Hand Weapons
 a - a +2 hand crossbow
 e - a +0 dagger (weapon)
Missiles
 b - 23 bolts
 c - 28 stones (quivered)
 k - a throwing net
Armour
 j - a +0 pair of gloves (worn)
 m - a +0 robe (worn)
Scrolls
 n - a scroll of identify
Potions
 f - a potion of flight
 g - 2 potions of heal wounds {unknown}
 h - a potion of curing
 i - a potion of invisibility {unknown}
 l - a potion of degeneration {unknown}


   Skills:
 - Level 4.0 Fighting
 + Level 2.9 Short Blades
 - Level 1.0 Maces & Flails
 - Level 1.0 Crossbows
 - Level 1.5 Armour
 + Level 5.8 Stealth


You had 3 spell levels left.
You didn't know any spells.
Your spell library was empty.

Dungeon Overview and Level Annotations

Branches:
Dungeon (4/15)              Sewer (visited)
 Temple: D:4-7

Altars:


Innate Abilities, Weirdness & Mutations

You cannot wear boots.
Your serpentine skin is tough. (AC +1)
You have supernaturally acute eyesight. (SInv)
Armour fits poorly on your strangely shaped body.
Your system is resistant to poisons. (rPois)
You cover ground very slowly.
You can spit poison.


Message History

The rat closely misses you.
You barely miss the orc priest.
The orc priest is moderately wounded.
The orc priest hits you but does no damage.
The orc closely misses you. The leopard gecko barely misses you.
The orc misses you.
You closely miss the orc priest.
The orc priest is moderately wounded.
The rat bites you but does no damage. The orc priest closely misses you.
The leopard gecko bites you.
The orc hits you with a cursed -3 hand axe.
* * * LOW HITPOINT WARNING * * *
The orc hits you with a +0 club.
* * * LOW HITPOINT WARNING * * *
It was a potion of flight.
You feel very buoyant.
You fly up into the air.
The rat completely misses you. The leopard gecko closely misses you.
The orc priest hits you with a +0 dagger.
You die...

,,,*****,.......#...............,
,,,*****,...................[...,
,,,,,,**,.......................,
,,,,,,,,,...............r.......,
,,,,,,,,,.......#.........,,*****
,,,,,,,,,...<...##.....##**** *,,
,,,,,,,,,......o##.....##******,,
,,,,,,,,,.$....ol.........,,,,*,,
,,,,,,,,,*#####o@r....#...,,,,*,,
,,,,,,,,,* #.o.....#,..,,,,*,,
,,,,,,,,** #.......#,,.,,,,,,,
,,,,,,,,******#.[.....#,,,,,,,,,*
,,,,,,,,,,,,,............,,,,,,,,
,,**,,,*,,,,#............,*,,,,,,
,,,,,,,*,,,,#............,*,,,,,,
***,,,,*,,,,#............,*,,,,,,
* *,,,,*,,,,#.###.###....,*******


You could see an orc priest, 3 orcs, a leopard gecko and a rat.

Vanquished Creatures
  A big kobold (Sewer)
  A river rat (Sewer)
  2 bats (D:1)
  4 goblins
  4 hobgoblins
  2 jackals (Sewer)
  2 ball pythons (D:3)
  4 frilled lizards (D:1)
  4 kobolds
  9 rats
33 creatures vanquished.

Notes
Turn   | Place    | Note
-------+----------+-------------------------------------------
     0 | D:1      | MajorAdolf the Naga Wanderer began the quest for the Orb.
     0 | D:1      | MajorAdolf set off with the following items: a +2 hand
                  | crossbow, 23 bolts, a +0 ring mail, a scroll of
                  | teleportation, a +0 dagger
     0 | D:1      | Reached XP level 1. HP: 22/22 MP: 1/1
   291 | D:1      | Reached skill level 1 in Short Blades
   291 | D:1      | Reached XP level 2. HP: 30/30 MP: 2/2
   841 | D:1      | Reached skill level 4 in Stealth
  1116 | D:2      | You fall into a shaft and drop 1 floor!
  1139 | D:3      | Found a glowing drain.
  1173 | Sewer    | Entered a sewer
  1191 | Sewer    | Reached XP level 3. HP: 23/36 MP: 3/3
  1483 | Sewer    | Noticed a big kobold
  1538 | Sewer    | Killed a big kobold
  1539 | Sewer    | Reached skill level 5 in Stealth
  1539 | Sewer    | Reached XP level 4. HP: 14/44 MP: 4/4
  1808 | Sewer    | Found a white marble altar of Elyvilon.
  1917 | D:3      | Slain by an orc priest

Illustrated notes

Levels and vault maps discovered:
D:1:      minmay_arrival_radiant_lines, layout_basic, serial_bayou_ford_a,
          minmay_misc_feat_square
D:2:      layout_basic
D:3:      layout_basic, portal_sewer_entry_a
D:4:      layout_rooms

Skill      XL: |  1  2  3 |
---------------+----------+-----
Short Blades   | 1 2 |  2.9
Stealth        | 4 5 |  5.8
Fighting       | |  4.0
Maces & Flails | |  1.0
Crossbows      | |  1.0
Armour         | |  1.5

Action                   |  1- 3 |  4- 6 || total
-------------------------+-------+-------++-------
Melee: Dagger            |    88 |    12 ||   100
Throw: Throwing net      |     1 |       ||     1
 Abil: Spit Poison       |    19 |     3 ||    22
  Use: Scroll            |     5 |     2 ||     7
       Potion            |     1 |     1 ||     2
 Stab: Sleeping          |     3 |       ||     3
Armor: Robe              |    11 |     7 ||    18
       Skin              |    18 |       ||    18
Dodge: Dodged            |    27 |    19 ||    46
